Map: Kairos Junction LE

Players

MiuGu

  • Race: Zerg Zerg
  • League: Platinum
  • Spawn Location: 5:00

Revetsllik - Winner!

  • Race: Protoss Protoss
  • League: Diamond
  • Spawn Location: 11:00

VOD

Have the link to the VOD?

Description

Time

  • Played on: April 20, 2019, 1:38 a.m.
  • Length: 6:28
Show
View Real Time Build Order
Export as new Build Order

MiuGu Zerg 

Build Orders: Hatch First 

Get SALT Encoding   

  12  0:01  Drone  
  13  0:12  Overlord  
  13  0:19  Drone  
  14  0:31  Drone  
  14  0:32  Drone  
  16  0:51  Hatchery  
  16  0:54  Drone  
  16  1:03  Drone x2  
  18  1:16  Spawning Pool  
  17  1:19  Extractor  
  17  1:23  Drone x2  
  18  1:33  Drone  
  19  1:51  Drone  
  20  2:03  Queen x2  
  20  2:05  Zergling x4  
  26  2:09  Drone  
  26  2:13  Overlord  
  27  2:23  Drone  
  28  2:39  Overlord  
  28  2:40  Drone x3  
  31  2:51  Roach Warren  
  31  2:54  Extractor, Lair  
  31  2:56  Drone x3  
  32  3:07  Queen  
  32  3:10  Drone x2  
  36  3:19  Drone x3  
  39  3:22  Overlord  
  39  3:32  Roach x2  
  43  3:37  Overlord  
  43  3:57  Spine Crawler  
  43  4:00  Drone x2, Spine Crawler  
  43  4:01  Drone x2, Spore Crawler  
  43  4:02  Roach x2  
  48  4:15  Overseer  
  48  4:38  Roach  
  48  4:39  Roach x6  
  58  4:49  Overlord x2  
  60  4:52  Roach  
  58  5:11  Zergling x12  
  60  5:16  Roach x3  
  60  5:17  Roach  
  57  5:46  Roach x6  
  67  6:02  Roach x4  
Show
View Real Time Build Order
Export as new Build Order

Revetsllik Protoss - Winner!

Build Orders:  

Get SALT Encoding   

  1  0:00  Probe  
  12  0:05  Probe  
  14  0:18  Pylon  
  14  0:22  Probe  
  15  0:39  Gateway  
  15  0:40  Probe  
  16  0:47  Assimilator  
  16  0:56  Probe  
  17  1:04  Probe  
  18  1:12  Probe  
  18  1:16  Pylon  
  19  1:24  Probe  
  20  1:26  Cybernetics Core  
  20  1:33  Gateway  
  20  1:56  Warp Gate  
  20  2:03  Robotics Facility  
  20  2:16  Adept  
  22  2:25  Shield Battery  
  22  2:26  Shield Battery  
  22  2:30  Shield Battery  
  22  2:39  Adept  
  24  2:54  Immortal  
  28  3:09  Pylon  
  28  3:15  Pylon  
  28  3:23  Adept  
  30  3:27  Adept  
  30  3:30  Warp Prism  
  34  3:56  Pylon  
  34  4:06  Immortal  
  38  4:17  Shield Battery  
  38  4:19  Shield Battery  
  38  4:22  Shield Battery  
  38  4:24  Shield Battery  
  42  4:45  Immortal  
  42  4:51  Adept  
  42  4:52  Adept  
  42  5:47  Immortal  
  42  5:49  Adept x2  
  48  6:06  Shield Battery  
Tags
 
Add a new tag
Caveats
  • Supply blocks, unpowered buildings, or Contaminate may cause inaccurate times.
  • Supply counts are checked every 10 seconds.